 Dungeon Crawl Stone Soup version 0.27.1-1-g398f81649c (webtiles) character file.

Game seed: 5703411386319914329

51 Rickety the Sneak (level 3, 0/16 HPs)
             Began as a Spriggan Enchanter on Sept 17, 2021.
             Slain by a quokka (5 damage)
             ... on level 2 of the Dungeon.
             The game lasted 00:03:18 (1593 turns).

Rickety the Sneak (Spriggan Enchanter)              Turns: 1593, Time: 00:03:19

Health: 0/16       AC:  2    Str:  4    XL:     3   Next: 58%
Magic:  6/8        EV: 16    Int: 16    God:
Gold:   114        SH:  5    Dex: 16    Spells: 1/7 levels left

rFire    . . .     SeeInvis +   a - +1 dagger
rCold    . . .     Faith    .   c - +0 buckler
rNeg     . . .     Spirit   .   b - +0 robe
rPois    .         Reflect  .   (helmet restricted)
rElec    .         Harm     .   (no cloak)
rCorr    .         Rampage  .   (gloves unavailable)
Will     .....                  (boots unavailable)
Stlth    +++.......             (no amulet)
HPRegen  0.05/turn              (no ring)
MPRegen  0.11/turn              (no ring)

@: very quick
A: very small, no large weapons, unfitting armour, see invisible, speed 3
a: no special abilities


You were on level 2 of the Dungeon.
You visited 1 branch of the dungeon, and saw 2 of its levels.

You collected 114 gold pieces.

Inventory:

Hand Weapons
 a - a +1 dagger (weapon)
Armour
 b - a +0 robe (worn)
 c - a +0 buckler (worn)
Scrolls
 e - 2 scrolls of teleportation {unknown}
 f - a scroll of magic mapping {unknown}
 g - a scroll of enchant weapon {unknown}
 h - a scroll of enchant armour {unknown}
Potions
 d - a potion of might {unknown}


   Skills:
 + Level 2.1 Short Blades
 + Level 2.8 Dodging
 * Level 5.9 Stealth
 + Level 2.8 Spellcasting
 + Level 4.0 Hexes


You had one spell level left.
You knew the following spells:

 Your Spells              Type           Power      Damage    Failure   Level
a - Corona                Hex            16%        N/A       6%          1
b - Ensorcelled Hibernat  Hex/Ice        16%        N/A       22%         2
c - Confusing Touch       Hex            15%        N/A       19%         3

Your spell library contained the following spells:

 Spells                   Type           Power      Damage    Failure   Level
 Tukima's Dance           Hex            15%        N/A       19%         3
 Dazzling Flash           Conj/Hex       16%        N/A       38%         3


Dungeon Overview and Level Annotations

Branches:
Dungeon (2/15)

Altars:

Shops:
D:1 =


Innate Abilities, Weirdness & Mutations

You are very small and have problems with some larger weapons.
You are too small for most types of armour.
You have supernaturally acute eyesight. (SInv)
You cover ground extremely quickly. (Speed+++)


Message History

You kill the endoplasm!
You see here a ball python corpse.
You see here 18 arrows.
Found 3 gold pieces.
You now have 102 gold pieces (gained 3).
Found 12 gold pieces.
You now have 114 gold pieces (gained 12).
An endoplasm comes into view.
The helpless endoplasm fails to defend itself.
You impale the endoplasm!!
You kill the endoplasm!
Found 3 scrolls labelled DETZIS FI GAGENU.
A quokka comes into view.
A quokka is nearby!
You see here 3 scrolls labelled DETZIS FI GAGENU.
Found a club and a ring mail.
A bat comes into view.
You closely miss the quokka. The quokka misses you.
You block the quokka's attack.
You closely miss the quokka. You block the quokka's attack.
The bat barely misses you.
You barely miss the quokka. You block the bat's attack.
The quokka closely misses you.
You hit the quokka but do no damage. The quokka bites you.
The bat barely misses you.
You hit the quokka.
The quokka is lightly wounded.
The bat closely misses you. You block the quokka's attack.
You closely miss the quokka.
The quokka is lightly wounded.
You block the bat's attack. The quokka bites you. x2
You are too injured to fight recklessly!
You are too injured to fight recklessly!
Casting: Ensorcelled Hibernation (safe; 22% risk of failure)
Confirm with . or Enter, or press ? or * to list all spells.
Aiming: Ensorcelled Hibernation (safe; 22% risk of failure)
Press: ? - help, Shift-Dir - straight line, f - bat
Aim: a bat (chance to affect: 57%)
The bat looks drowsy...
The quokka bites you.
You die...

.... #.... #..^..
#######. . ......
#.....#. .. .... #.###.#.
.). ... #######.#.#.#.
.... #.###....##.#...#.
..... #.....##.##.#...#.
......###.?..##.#..#.....
.......r@....##.#.##.#.##
......b###...##.#.#..#...
....... ....##......#.#.
......# #............#.#.
...... #....#....##.###.
[..... .......#.........
##### ###.#...#.##.####
#.......##.# #.##.......#


You could see a quokka and a bat (asleep).

Vanquished Creatures
  2 adders
  A dart slug (D:2)
  6 ball pythons
  3 endoplasms (D:2)
  A giant cockroach (D:1)
  5 goblins
  3 hobgoblins
  2 quokkas
  A bat (D:1)
  A frilled lizard (D:1)
  3 rats (D:1)
28 creatures vanquished.

Notes
Turn   | Place    | Note
-------+----------+-------------------------------------------
     0 | D:1      | Rickety the Spriggan Enchanter began the quest for the Orb.
     0 | D:1      | Reached XP level 1. HP: 9/9 MP: 5/5
   235 | D:1      | Reached skill level 5 in Stealth
   352 | D:1      | Reached XP level 2. HP: 13/13 MP: 6/6
   355 | D:1      | Learned a level 2 spell: Ensorcelled Hibernation
   355 | D:1      | Found Ownanaj's Jewellery Shop.
  1040 | D:2      | Reached XP level 3. HP: 16/16 MP: 8/8
  1044 | D:2      | Learned a level 3 spell: Confusing Touch
  1593 | D:2      | Slain by a quokka

Illustrated notes

Levels and vault maps discovered:
D:1:      kennysheep_arrival_seaside, layout_rooms, serial_shops,
          nicolae_shop_trees, serial_bayou_pond_e, minmay_box_of_dots
D:2:      layout_basic, dreamdust_ecumenical_altar_hidden_monk_grotto

Skill      XL: |  1  2  3 |
---------------+----------+-----
Stealth        | 5 |  5.9
Hexes          | 4 |  4.0
Short Blades   | 2 |  2.1
Dodging        | |  2.8
Spellcasting   | |  2.8

Action                   || total
-------------------------++-------
Melee: Dagger            ||    70
 Cast: Corona            ||     3
       Ensorcelled Hiber ||    14
       Confusing Touch   ||     1
 Stab: Sleeping          ||    20
Armor: Robe              ||     7
Dodge: Dodged            ||    41
Block: Buckler           ||    17
